[Event "*** Titled Tuesday Blitz"]
[Site "Chess.com"]
[Date "2020.05.26"]
[Round "4"]
[White "Borsuk_Konstantin"]
[Black "bazar-wokzal"]
[Result "0-1"]
[WhiteElo "2600"]
[BlackElo "2469"]
[TimeControl "180+1"]
[EndTime "10:37:34 PDT"]
[Termination "bazar-wokzal won by resignation"]

1. d4 Nf6 2. c4 Nc6 3. Nc3 e5 4. d5 Ne7 5. h4 Neg8 6. a3 Bc5 7. e3 d6 8. Na4 Bb6 9. Ne2 Bd7 10. Nxb6 axb6 11.
Nc3 Ne7 12. h5 h6 13. e4 Bg4 14. Be2 Qd7 15. Rh4 Bxe2 16. Qxe2 c6 17. Be3 b5 18. dxc6 bxc6 19. cxb5 O-O 20. g4 cxb5 21. g5 hxg5 22.
Bxg5 b4 23. h6 bxc3 24. hxg7 Kxg7 25. Bxf6+ Kxf6 26. Qf3+ Kg7 27. Qh5 Rh8 28. Qg5+ Ng6 29. Rxh8 0-1

[Event "*** Titled Tuesday Blitz"]
[Site "Chess.com"]
[Date "2020.05.26"]
[Round "4"]
[White "Shockerlover"]
[Black "Justinz"]
[Result "0-1"]
[WhiteElo "1764"]
[BlackElo "2348"]
[TimeControl "180+1"]
[EndTime "10:37:34 PDT"]
[Termination "Justinz won by checkmate"]

1. d4 Nf6 2. Nf3 e6 3. c4 b6 4. g3 Ba6 5. Qc2 c5 6. e3 Bb7 7. Bg2 cxd4 8. exd4 Be7 9. O-O O-O 10. Nc3 d5 11. cxd5 Nxd5 12. h4 Nd7 13. a3 Rc8 14.
Bg5 N7f6 15. Rac1 Nxc3 16. bxc3 Bxa3 17. Ra1 Be7 18. Rxa7 Rc7 19. Rfa1 h6 20. Bf4 Bd6 21. Bxd6 Qxd6 22. Ne5 Bxg2 23. Kxg2 Rcc8 24. Qd3 Nd5 25. Nc4 Qc6 26. R1a4 Nf4+ 27. Kf1 Qh1# 0-1

[Event "*** Titled Tuesday Blitz"]
[Site "Chess.com"]
[Date "2020.05.26"]
[Round "4"]
[White "Grebeniuk-S"]
[Black "platy3"]
[Result "0-1"]
[WhiteElo "2494"]
[BlackElo "2693"]
[TimeControl "180+1"]
[EndTime "10:37:36 PDT"]
[Termination "platy3 won on time"]

1. d4 Nf6 2. Nf3 d5 3. Bf4 c5 4.
c3 Qb6 5. Qb3 c4 6. Qxb6 axb6 7.
Na3 Bf5 8. Nb5 Na6 9. Ne5 Nd7 10. g4 Be6 11. Bg2 f6 12. Nxd7 Bxd7 13. a4 Bc6 14.
Kd2 e6 15. Rhe1 Kd7 16. e4 Be7 17. exd5 Bxd5 18. Bxd5 exd5 19. a5 bxa5 20. Rxa5 Nc5 21. Rxa8 Nb3+ 22. Kc2 Rxa8 23. Nc7 Ra5 24. Ne8 g5 25. Bg3 Kxe8 26. Bd6 Ra1 27. Rxe7+ Kd8 0-1

[Event "*** Titled Tuesday Blitz"]
[Site "Chess.com"]
[Date "2020.05.26"]
[Round "4"]
[White "gumimis"]
[Black "Ceejay271"]
[Result "0-1"]
[WhiteElo "2188"]
[BlackElo "2403"]
[TimeControl "180+1"]
[EndTime "10:37:38 PDT"]
[Termination "Ceejay271 won on time"]

1. e4 c5 2. Nf3 Nc6 3. d4 cxd4 4. Nxd4 g6 5. c4 Nf6 6. Nc3 d6 7. Be3 Ng4 8. Nxc6 bxc6 9. Bg5 Qa5 10. Bd2 Qb6 11.
Qf3 Qxb2 12. Rb1 Qa3 13. Rb3 Qa5 14. Be2 Bg7 15. Qf4 Bh6 16. Qxh6 Nxh6 17. Bxh6 Be6 18. O-O f6 19. f4 Kf7 20. f5 Bc8 21. Be3 Ba6 22.
Bd3 Rhb8 23. Ne2 Rxb3 24. axb3 Rb8 25. fxg6+ hxg6 0-1

[Event "*** Titled Tuesday Blitz"]
[Site "Chess.com"]
[Date "2020.05.26"]
[Round "4"]
[White "GHANDEEVAM2003"]
[Black "nubair1198"]
[Result "1-0"]
[WhiteElo "2935"]
[BlackElo "2718"]
[TimeControl "180+1"]
[EndTime "10:37:40 PDT"]
[Termination "GHANDEEVAM2003 won on time"]

1. d4 d5 2. c4 c6 3. Nf3 Nf6 4. e3 Bg4 5. Nc3 e6 6. h3 Bh5 7.
Qb3 Qb6 8. Nh4 Nbd7 9. g4 Bg6 10. Nxg6 hxg6 11. Bg2 g5 12. Bd2 O-O-O 13. Qc2 dxc4 14.
Na4 Qa6 15. O-O Bd6 16. Rfc1 Kb8 17. b3 Nxg4 18. bxc4 Ngf6 19. Rab1 Ka8 20. c5 Nxc5 21. dxc5 Bc7 22. Bf1 Rxd2 23. Bxa6 Rxc2 24. Bxb7+ Kb8 25. Rxc2 Ba5 26. Bxc6+ Kc7 27. Bg2 Nd5 28. Bxd5 exd5 29. Nc3 Kc6 30. Ne2 Rxh3 31. Nd4+ Kd7 32.
c6+ Kc8 33. c7 Bb6 34. Nb5 1-0

[Event "*** Titled Tuesday Blitz"]
[Site "Chess.com"]
[Date "2020.05.26"]
[Round "4"]
[White "SameerMujumdar"]
[Black "ThePatrick27"]
[Result "1-0"]
[WhiteElo "2321"]
[BlackElo "2571"]
[TimeControl "180+1"]
[EndTime "10:37:40 PDT"]
[Termination "SameerMujumdar won by checkmate"]

1. e4 e5 2. Nf3 Nc6 3. d4 exd4 4. Bc4 Nf6 5. e5 d5 6. Bb5 Ne4 7. Nxd4 Bd7 8. Bxc6 bxc6 9. O-O Bc5 10. Be3 O-O 11. f3 Ng5 12. f4 Ne4 13. Nd2 Nxd2 14. Qxd2 Rb8 15. Nb3 Bb6 16. Qf2 Bf5 17. c3 Re8 18. Rac1 Qd7 19. h3 a5 20. Bxb6 cxb6 21. Rfd1 c5 22.
Nd2 Qa4 23. a3 Rbd8 24. Nf1 Bc8 25. Rd2 Bb7 26. Rcd1 g6 27. Ne3 Qc6 28. Nxd5 Kg7 29. Nf6 Rxd2 30. Nxe8+ Qxe8 31. Rxd2 Qc6 32. Rd6 Qb5 33.
f5 gxf5 34. Qg3+ Kf8 35. Rd8+ Ke7 36. Qg5+ Ke6 37. Qf6# 1-0

[Event "*** Titled Tuesday Blitz"]
[Site "Chess.com"]
[Date "2020.05.26"]
[Round "4"]
[White "Olkaa"]
[Black "dpopadic"]
[Result "1-0"]
[WhiteElo "2610"]
[BlackElo "2381"]
[TimeControl "180+1"]
[EndTime "10:37:41 PDT"]
[Termination "Olkaa won by resignation"]

1. e4 c5 2. Nf3 Nc6 3. Nc3 e5 4. Bc4 Be7 5. d3 Nf6 6. Nd2 O-O 7. Nf1 d6 8. Ne3 Be6 9. O-O Na5 10. a4 Nxc4 11. dxc4 a6 12. Qd3 Kh8 13. Ncd5 Ne8 14.
a5 Bg5 15. Nb6 Bxe3 16. Bxe3 Rb8 17. Rad1 Qc7 18. f4 f6 19. b3 h6 20. f5 Bf7 21.
Qd2 Kh7 22. g4 Qe7 23. Rf3 Rh8 24. Rg3 Kg8 25. h4 Kf8 26. c3 Qc7 27. Qd3 Rd8 28. b4 cxb4 29. cxb4 Rb8 30. Bf2 Kg8 31. Qd2 Qc6 32. Qd3 Kf8 33. c5 dxc5 34. Nd7+ Kg8 35. Nxb8 cxb4 36. Nxc6 1-0

[Event "*** Titled Tuesday Blitz"]
[Site "Chess.com"]
[Date "2020.05.26"]
[Round "4"]
[White "Tall-guy"]
[Black "Barmen_EV"]
[Result "1-0"]
[WhiteElo "2134"]
[BlackElo "2421"]
[TimeControl "180+1"]
[EndTime "10:37:41 PDT"]
[Termination "Tall-guy won by checkmate"]

1. e4 d5 2. exd5 Qxd5 3. Nc3 Qa5 4. d4 Nf6 5. Bd2 c6 6. Bc4 Bg4 7. f3 Bh5 8. g4 Bg6 9. h4 h6 10. Nd5 Qd8 11. Nxf6+ gxf6 12. h5 Bh7 13. Qe2 Nd7 14. O-O-O Nb6 15. Bb3 a5 16. a3 a4 17. Ba2 Qxd4 18.
Be3 Qd6 19. Rxd6 exd6 20. Bxb6+ Kd7 21. Bxf7 c5 22. Bd5 Re8 23. Qb5+ Ke7 24. Nh3 f5 25.
Re1+ Kf6 26. Rxe8 Bg7 27. Rxh8 Bxh8 28. Qe8 Bg7 29. Qe6# 1-0

[Event "*** Titled Tuesday Blitz"]
[Site "Chess.com"]
[Date "2020.05.26"]
[Round "4"]
[White "Gloomy_Wanderer"]
[Black "mohamed-damaj"]
[Result "1-0"]
[WhiteElo "2743"]
[BlackElo "2330"]
[TimeControl "180+1"]
[EndTime "10:37:42 PDT"]
[Termination "Gloomy_Wanderer won by resignation"]

1. d4 Nf6 2. Nf3 e6 3. c4 d5 4. g3 Be7 5. Bg2 O-O 6. O-O c5 7. cxd5 exd5 8. Nc3 Nc6 9. Bg5 Be6 10. Rc1 Rc8 11.
dxc5 Qa5 12. a3 Qxc5 13. Be3 Qa5 14. Nd4 Rfd8 15. h3 Ne5 16. Rc2 Nc4 17. Qc1 Nxe3 18. Qxe3 Bc5 19. Qf4 Qb6 20. Na4 Qd6 21. Nxc5 Qxf4 22.
gxf4 b6 23. Ncxe6 fxe6 24. Rfc1 1-0

[Event "*** Titled Tuesday Blitz"]
[Site "Chess.com"]
[Date "2020.05.26"]
[Round "4"]
[White "GeorgMeier"]
[Black "Witik"]
[Result "1-0"]
[WhiteElo "2981"]
[BlackElo "2661"]
[TimeControl "180+1"]
[EndTime "10:37:43 PDT"]
[Termination "GeorgMeier won on time"]

1. Nf3 Nf6 2. g3 d5 3. Bg2 c6 4. O-O Bg4 5. h3 Bh5 6. c4 Nbd7 7. cxd5 cxd5 8. Qb3 Qb6 9. Qxb6 Nxb6 10. Nc3 e6 11. d3 Be7 12. Bf4 O-O 13. Rfc1 a6 14. Rc2 Rac8 15.
Rac1 Nfd7 16. Nd4 Bg6 17. Nb3 Nc5 18. Nxd5 Nxd5 19. Bxd5 exd5 20. Nxc5 Bxc5 21. Rxc5 Rxc5 22. Rxc5 Bf5 23. g4 Be6 24. Rc7 Bc8 25. f3 Re8 26.
Kf2 h6 27. h4 b5 28. Rc6 Be6 29. Rxa6 Rc8 30. Rb6 d4 31. Rxb5 Bxa2 32. Rb4 Rc2 33. Be5 Be6 34. Bxd4 1-0

[Event "*** Titled Tuesday Blitz"]
[Site "Chess.com"]
[Date "2020.05.26"]
[Round "4"]
[White "konradrutkowski"]
[Black "Forking_U"]
[Result "0-1"]
[WhiteElo "2291"]
[BlackElo "2289"]
[TimeControl "180+1"]
[EndTime "10:37:43 PDT"]
[Termination "Forking_U won by resignation"]

1. e4 e5 2. Nf3 Nc6 3. Bb5 a6 4. Ba4 Nge7 5. O-O g6 6. c3 Bg7 7. d4 exd4 8. cxd4 b5 9. Bc2 d5 10. exd5 Nb4 11. Bb3 Nbxd5 12. Nc3 O-O 13. Bg5 Nf6 14. Re1 Bb7 15. Ne5 Qd6 16. Qd2 Nf5 17.
Rad1 Rad8 18. Qf4 Nxd4 19. Rxd4 Qxd4 20. Nxf7 Rxf7 21. Qxd4 Rxd4 22. Re7 Nd5 23. Nxd5 Bxd5 24. Re8+ Rf8 0-1

[Event "*** Titled Tuesday Blitz"]
[Site "Chess.com"]
[Date "2020.05.26"]
[Round "4"]
[White "ehrenfeld"]
[Black "DACF2905"]
[Result "1-0"]
[WhiteElo "2449"]
[BlackElo "2276"]
[TimeControl "180+1"]
[EndTime "10:37:44 PDT"]
[Termination "ehrenfeld won by resignation"]

1. e4 c5 2. d3 Nc6 3. f4 g6 4. Nf3 Bg7 5. Be2 e6 6. O-O Nge7 7. c3 d5 8. Na3 O-O 9. e5 d4 10. Nc4 b5 11. Nd6 Nf5 12. Nxb5 a6 13. Na3 Nce7 14. g4 Nh6 15. h3 Bb7 16. Nc4 Rb8 17. Bd2 Bd5 18. Qc2 Nc6 19. Rae1 Qc7 20. Bc1 Rfd8 21.
Nfd2 Bf8 22. Ne4 Bxe4 23. dxe4 Qe7 24. g5 Qd7 25. Rd1 Be7 26. gxh6 Bf8 27. f5 exf5 28.
exf5 Qd5 29. Bf4 Rb7 30. Qd3 Rbd7 31. Bf3 1-0

[Event "*** Titled Tuesday Blitz"]
[Site "Chess.com"]
[Date "2020.05.26"]
[Round "4"]
[White "stanyga"]
[Black "boasovietica"]
[Result "1-0"]
[WhiteElo "2599"]
[BlackElo "2399"]
[TimeControl "180+1"]
[EndTime "10:37:46 PDT"]
[Termination "stanyga won on time"]

1. e4 e5 2. Nf3 Nc6 3. Bb5 a6 4. Ba4 Nf6 5. Kf1 b5 6. Bb3 Bc5 7. d3 O-O 8. h3 d5 9. exd5 Nxd5 10. Bg5 f6 11. Be3 Bxe3 12. fxe3 Be6 13. Qe1 Qd7 14.
Nbd2 Rae8 15. Ne4 Bf7 16. Kg1 Qe7 17. Kh2 h6 18. g4 Nb6 19. Nh4 Kh7 20. Rf1 Nd5 21.
Nf5 Qd8 22. Qh4 Nce7 23. Nxg7 Kxg7 24. Nxf6 Qd6 25. Nxe8+ Bxe8 26. Rxf8 Kxf8 27. Rf1+ Kg7 28. Qg3 Bf7 29. Rxf7+ 1-0

[Event "*** Titled Tuesday Blitz"]
[Site "Chess.com"]
[Date "2020.05.26"]
[Round "4"]
[White "H3nriqueTV"]
[Black "larisakalinina"]
[Result "1-0"]
[WhiteElo "2199"]
[BlackElo "1954"]
[TimeControl "180+1"]
[EndTime "10:37:46 PDT"]
[Termination "H3nriqueTV won on time"]

1. e4 c5 2. Nf3 Nc6 3. Nc3 d6 4.
d4 cxd4 5. Nxd4 Nf6 6. g3 e5 7. Nb3 Be7 8. Bg2 O-O 9. O-O Bg4 10. f3 Be6 11. f4 exf4 12. Bxf4 Qb6+ 13. Kh1 Ng4 14.
Qd2 Nce5 15. h3 Nc4 16. Qe2 Nge5 17. Rab1 Rac8 18. Nd5 Bxd5 19. exd5 a5 20. a4 Qb4 21. Nd4 Qxa4 22. b3 Qb4 23. bxc4 Qc3 24. Nf5 Bf6 25. Nxd6 Rxc4 26. Nxc4 Qxc4 27. Qxc4 Nxc4 28. Rxb7 a4 29. Ra7 a3 30. d6 1-0

[Event "*** Titled Tuesday Blitz"]
[Site "Chess.com"]
[Date "2020.05.26"]
[Round "4"]
[White "smshk35"]
[Black "realmadridtv"]
[Result "1-0"]
[WhiteElo "2306"]
[BlackElo "2446"]
[TimeControl "180+1"]
[EndTime "10:37:47 PDT"]
[Termination "smshk35 won by resignation"]

1. e4 e5 2. Nf3 Nc6 3. d4 exd4 4.
Nxd4 Nf6 5. Nxc6 bxc6 6. e5 Qe7 7. Qe2 Nd5 8. c4 Nb6 9. Nd2 g6 10. Ne4 Bg7 11. Bg5 Qb4+ 12. Qd2 Qxd2+ 13. Kxd2 d5 14.
exd6 O-O 15. Bf6 Bf5 16. Bxg7 Kxg7 17. Ng3 Be6 18. dxc7 Nxc4+ 19. Bxc4 Bxc4 20. Ne4 a5 21. Nd6 Be6 22. Rac1 Ra6 23. Rc5 Kf6 24. Rhc1 Ke7 25. Nb7 Kd7 26. Nxa5 Bd5 27. b4 Rb6 28. a3 Ra8 29. f3 h5 30. Ke3 Kxc7 31. Rxd5 Re8+ 32. Kf2 Re6 33. Rdc5 Kd7 34. Rxc6 Rbxc6 35. Rxc6 Re5 36.
Rc5 Re6 37. Nc4 g5 38. a4 f6 39. a5 g4 40. Nb6+ Kd6 41. a6 gxf3 42. gxf3 Re7 43.
Nc8+ 1-0

[Event "*** Titled Tuesday Blitz"]
[Site "Chess.com"]
[Date "2020.05.26"]
[Round "4"]
[White "WastefulJustice"]
[Black "pavelalexandru07"]
[Result "1-0"]
[WhiteElo "2385"]
[BlackElo "2149"]
[TimeControl "180+1"]
[EndTime "10:37:49 PDT"]
[Termination "WastefulJustice won by resignation"]

1. e4 c5 2. Nf3 d6 3. d4 cxd4 4. Nxd4 Nf6 5. Nc3 a6 6. Be2 e5 7.
Nb3 Be6 8. O-O Be7 9. f4 b5 10. Be3 Nbd7 11. f5 Bc4 12. Bxc4 bxc4 13. Nd2 Qc7 14. Qe2 Rc8 15. Kh1 O-O 16. g4 Qc6 17. g5 Nxe4 18. Ndxe4 d5 19. f6 Bd8 20. fxg7 Kxg7 21. Rf6 Qa8 22. Qh5 d4 23. Rh6 Rh8 24. Rf1 f5 25. Rxf5 Bf6 26. gxf6+ Kg8 27. Qg4+ Kf8 28. Qg7+ 1-0

[Event "*** Titled Tuesday Blitz"]
[Site "Chess.com"]
[Date "2020.05.26"]
[Round "4"]
[White "MiroVlasenko"]
[Black "TigrVShlyape"]
[Result "0-1"]
[WhiteElo "2678"]
[BlackElo "2855"]
[TimeControl "180+1"]
[EndTime "10:37:50 PDT"]
[Termination "TigrVShlyape won by resignation"]

1. d4 d5 2. Nf3 Nf6 3. e3 g6 4.
c4 Bg7 5. Nc3 O-O 6. Bd2 c6 7. Rc1 Bg4 8. Qb3 Qb6 9. Ne5 Be6 10. c5 Qc7 11. f4 Nbd7 12. Be2 Nxe5 13. fxe5 Ng4 14. h3 Nxe5 15. dxe5 d4 16. Bc4 Bxc4 17.
Qxc4 dxc3 18. Bxc3 Bxe5 19. O-O Rad8 20. Rf3 Bxc3 21.
Qxc3 Qd7 22. Rcf1 Qe6 23. a3 Rd7 24. Kh2 f6 25. Qa5 a6 26. Qb4 Qe5+ 27. Kh1 Kg7 28. Kg1 e6 29. Kh1 Rff7 30. Kg1 Rd5 31. Qb6 Rxc5 0-1

[Event "*** Titled Tuesday Blitz"]
[Site "Chess.com"]
[Date "2020.05.26"]
[Round "4"]
[White "PawnEatingZombie"]
[Black "kuba2006"]
[Result "1-0"]
[WhiteElo "2258"]
[BlackElo "2406"]
[TimeControl "180+1"]
[EndTime "10:37:50 PDT"]
[Termination "PawnEatingZombie won on time"]

1. d4 Nf6 2. c4 e6 3. Nc3 Bb4 4. Qc2 O-O 5. e4 d5 6. e5 Ne4 7.
Bd3 c5 8. Nf3 Nc6 9. O-O Bxc3 10. bxc3 cxd4 11. Bxe4 dxe4 12. Qxe4 dxc3 13. Ng5 g6 14. Qh4 h5 15. Ba3 Re8 16. Bd6 Qa5 17. Qf4 Nd8 18. Ne4 Kg7 19. Qf6+ Kg8 20. Qg5 Kg7 21. Be7 Qc7 22. Bf6+ Kh7 23. g4 Qxc4 24. f3 1-0

[Event "*** Titled Tuesday Blitz"]
[Site "Chess.com"]
[Date "2020.05.26"]
[Round "4"]
[White "BogdanBelyakov89"]
[Black "GOGIEFF"]
[Result "1/2-1/2"]
[WhiteElo "2633"]
[BlackElo "2893"]
[TimeControl "180+1"]
[EndTime "10:37:52 PDT"]
[Termination "Game drawn by repetition"]

1. e4 c5 2. c3 d5 3. exd5 Qxd5 4. Nf3 g6 5. Na3 Bg7 6. Bc4 Qe4+ 7. Kf1 Nh6 8. d3 Qg4 9. Bxh6 Bxh6 10. Bxf7+ Kf8 11.
Bc4 Nc6 12. Qe2 Kg7 13. Bd5 Rf8 14. Nc4 Bf5 15. h3 Qf4 16. g4 Bd7 17. Rg1 Rad8 18. Bxc6 Bxc6 19. Qe5+ Kg8 20. Qxf4 Bxf4 21. Nfe5 Bd5 22. a4 Bxc4 23. Nxc4 Rxd3 24. Kg2 Rfd8 25. Rge1 Kf7 26. Re4 g5 27. Rae1 R8d7 28. Ne5+ Bxe5 29. Rxe5 R3d5 30. c4 Rxe5 31. Rxe5 b6 32. Rxg5 Rd2 33. a5 Rxb2 34. axb6 axb6 35. Rh5 Kg7 36. Rg5+ Kf6 37. Rh5 Kg6 38. Re5 Kf6 39. Rh5 Kg6 40. Re5 Kf6 41. Rh5 1/2-1/2

[Event "*** Titled Tuesday Blitz"]
[Site "Chess.com"]
[Date "2020.05.26"]
[Round "4"]
[White "TudorAnton"]
[Black "chenrip"]
[Result "1-0"]
[WhiteElo "2458"]
[BlackElo "2281"]
[TimeControl "180+1"]
[EndTime "10:37:52 PDT"]
[Termination "TudorAnton won by resignation"]

1. d4 Nf6 2. c4 e6 3. Nf3 Bb4+ 4. Bd2 Bxd2+ 5. Qxd2 O-O 6. Nc3 d5 7. e3 b6 8. cxd5 Nxd5 9. Bd3 Ba6 10. Bxa6 Nxa6 11. e4 Nxc3 12. bxc3 c5 13. O-O cxd4 14. cxd4 Qd6 15.
Rfd1 Rac8 16. h3 h6 17. Rac1 Nb4 18. d5 exd5 19. a3 Na6 20. Rxc8 Rxc8 21. exd5 Rc5 22. Nh4 Nc7 23. Nf5 Qd7 24. Ne3 Qd6 25. Qd4 g6 26.
Ng4 f5 27. Nxh6+ Kh7 28. Nf7 Qf8 29. Ng5+ Kh6 30. Qh4+ Kg7 31. d6 Nd5 32. Ne6+ 1-0

[Event "*** Titled Tuesday Blitz"]
[Site "Chess.com"]
[Date "2020.05.26"]
[Round "4"]
[White "HouseOfDurin"]
[Black "FeketeBarika"]
[Result "0-1"]
[WhiteElo "2036"]
[BlackElo "2241"]
[TimeControl "180+1"]
[EndTime "10:37:53 PDT"]
[Termination "FeketeBarika won by resignation"]

1. d4 e6 2. h4 c5 3. c3 Nf6 4. Bg5 h6 5. Bxf6 Qxf6 6. e4 d5 7. e5 Qd8 8. f4 Nc6 9. Nf3 Qb6 10. Qd2 Bd7 11. Be2 Rc8 12. O-O Be7 13. Na3 a6 14. Nc2 O-O 15. dxc5 Bxc5+ 16. Ncd4 Ne7 17. a3 Nf5 18. b4 Bxd4+ 19. cxd4 Bb5 20. Rf2 Bxe2 21. Rxe2 Rc4 22. Rd1 Rfc8 23. g4 Ng3 24. Rg2 Ne4 25. Qd3 Rc3 26. Qf1 Rxa3 27. f5 Rcc3 28. Nd2 Qxd4+ 29.
Kh1 Rh3+ 30. Rh2 Ng3+ 0-1

[Event "*** Titled Tuesday Blitz"]
[Site "Chess.com"]
[Date "2020.05.26"]
[Round "4"]
[White "letsgoband"]
[Black "levallem"]
[Result "1/2-1/2"]
[WhiteElo "2381"]
[BlackElo "2161"]
[TimeControl "180+1"]
[EndTime "10:37:54 PDT"]
[Termination "Game drawn by repetition"]

1. e4 c5 2. Nf3 Nc6 3. Bb5 g6 4. Bxc6 dxc6 5. O-O Bg7 6. d3 e5 7. Be3 b6 8. a4 a5 9. Na3 f6 10. Nc4 Be6 11. Nfd2 Bh6 12. Bxh6 Nxh6 13. f4 exf4 14. Rxf4 O-O 15. Kh1 b5 16. Ne3 Qd4 17. Qe2 Qxb2 18. Rb1 Qe5 19. Rff1 Rab8 20. Nb3 Bxb3 21. cxb3 Rfd8 22.
h3 Kg7 23. Rf3 bxa4 24. Nc4 Qc3 25. Rd1 axb3 26. e5 fxe5 27. d4 Qc2 28. Qxe5+ Kg8 29. Qe6+ Kg7 30. Qe7+ Kg8 31. Qe6+ Kg7 32. Qe5+ Kg8 33.
Qe6+ 1/2-1/2

[Event "*** Titled Tuesday Blitz"]
[Site "Chess.com"]
[Date "2020.05.26"]
[Round "4"]
[White "WiktoriaPOL"]
[Black "Dmitry_Konenkin"]
[Result "0-1"]
[WhiteElo "1993"]
[BlackElo "2232"]
[TimeControl "180+1"]
[EndTime "10:37:54 PDT"]
[Termination "Dmitry_Konenkin won by resignation"]

1. c4 d6 2. Nc3 e5 3. g3 Nc6 4. Bg2 Be6 5. d3 Qd7 6. e4 O-O-O 7. Nge2 h5 8. h4 Nh6 9. a3 f5 10. b4 Ng4 11. b5 Nd4 12. Nxd4 exd4 13. Ne2 fxe4 14.
Bxe4 d5 15. cxd5 Bxd5 16. a4 Bxe4 17. dxe4 d3 18. Nf4 Qd4 19. Be3 Nxe3 20. fxe3 Qxe3+ 21. Kf1 Qxg3 22. Ne6 Bc5 23. Qd2 Rhf8+ 24. Nxf8 Rxf8+ 0-1

[Event "*** Titled Tuesday Blitz"]
[Site "Chess.com"]
[Date "2020.05.26"]
[Round "4"]
[White "Bacyanide"]
[Black "Goryachkina"]
[Result "0-1"]
[WhiteElo "2463"]
[BlackElo "2641"]
[TimeControl "180+1"]
[EndTime "10:37:56 PDT"]
[Termination "Goryachkina won by resignation"]

1. d4 d5 2. Nf3 Nf6 3. Bf4 c5 4. e3 Nc6 5. Nbd2 cxd4 6. exd4 Qb6 7. Nb3 Bg4 8. c3 e6 9. Bd3 Be7 10. O-O O-O 11. Qe2 a5 12. Rab1 a4 13. Nbd2 Qd8 14. a3 Bd6 15. Qe3 Bxf4 16. Qxf4 Bh5 17. Ne5 Nxe5 18.
Qxe5 Bg6 19. Bxg6 hxg6 20. Nf3 Nd7 21. Qf4 Qf6 22. Qc7 Rfd8 23. Qxb7 g5 24. h3 Qf4 25.
Qb5 Nf6 26. Qe2 g4 27. hxg4 Qxg4 28. Ne5 Qxe2 0-1

[Event "*** Titled Tuesday Blitz"]
[Site "Chess.com"]
[Date "2020.05.26"]
[Round "4"]
[White "rynos0411"]
[Black "StephenDedalus83"]
[Result "1-0"]
[WhiteElo "2353"]
[BlackElo "2741"]
[TimeControl "180+1"]
[EndTime "10:37:56 PDT"]
[Termination "rynos0411 won by resignation"]

1. d4 Nf6 2. c4 g6 3. Nc3 Bg7 4. e4 d6 5. h3 O-O 6. Be3 e5 7.
d5 a5 8. g4 Na6 9. Nge2 Nc5 10.
Ng3 Bd7 11. Be2 c6 12. h4 a4 13. h5 Qa5 14. Qd2 cxd5 15. h6 Bh8 16. g5 Nfxe4 17. Ngxe4 Nxe4 18. Nxe4 dxe4 19. O-O-O Qxd2+ 20. Rxd2 f5 21. Rxd6 Be8 22. Rb6 Bc6 23. Rd1 Rfd8 24. c5 f4 25. Bc4+ Kf8 26. Bd2 Rd4 27. Be2 Rad8 28. Bc3 Rxd1+ 29. Bxd1 Rd5 30. Bc2 Rxc5 31. Bb4 Ke7 32. Bxc5+ Kd7 33. Rb4 e3 34. fxe3 f3 35. e4 Kc7 36. Bxa4 b5 37. Bxb5 Bb7 38. Bf1 Bc6 39.
Bf2 Kc8 40. Kd2 Kc7 41. a4 Kd6 42. a5 Bf6 43. gxf6 1-0

[Event "*** Titled Tuesday Blitz"]
[Site "Chess.com"]
[Date "2020.05.26"]
[Round "4"]
[White "M1711"]
[Black "rakshi2005"]
[Result "0-1"]
[WhiteElo "2494"]
[BlackElo "2324"]
[TimeControl "180+1"]
[EndTime "10:37:56 PDT"]
[Termination "rakshi2005 won on time"]

1. d4 Nf6 2. Bg5 e6 3. e4 h6 4. Bxf6 Qxf6 5. c3 d6 6. Bd3 Qd8 7. Ne2 g6 8. O-O Bg7 9. f4 O-O 10. f5 c5 11. Nd2 cxd4 12. cxd4 Nc6 13. Nb3 a5 14. a4 Qg5 15. Kh1 Bd7 16. Qe1 Rae8 17.
h4 Qh5 18. Nf4 Qg4 19. Be2 exf5 20. Bxg4 Rxe4 21. Be2 g5 22. hxg5 hxg5 23. Nh3 Rfe8 24. Qg3 g4 25. Nf4 Nxd4 26. Nxd4 Bxd4 27. Bc4 Kg7 28. Nh5+ Kg6 29. Nf4+ Kg7 30. Rae1 Rh8+ 31. Nh3 Be5 32. Qf2 Rf4 0-1

[Event "*** Titled Tuesday Blitz"]
[Site "Chess.com"]
[Date "2020.05.26"]
[Round "4"]
[White "RestartingChess"]
[Black "EfM13"]
[Result "0-1"]
[WhiteElo "2452"]
[BlackElo "2315"]
[TimeControl "180+1"]
[EndTime "10:37:56 PDT"]
[Termination "EfM13 won by resignation"]

1. e4 g6 2. d4 Bg7 3. Nf3 d6 4. c4 Nd7 5. Nc3 e5 6. dxe5 dxe5 7. Be3 Ngf6 8. h3 O-O 9. Be2 c6 10. O-O Qc7 11. b4 a5 12. b5 Re8 13. a4 Bf8 14.
Rb1 Bb4 15. Na2 Bc5 16. Bxc5 Nxc5 17. b6 Qe7 18. Nc3 Nfxe4 19. Nxe4 Nxe4 20. Qc2 Bf5 21. Bd3 Rad8 22. Bxe4 Bxe4 23. Qxe4 f5 24. Qe3 e4 25.
Nh2 Rd3 26. Qf4 Red8 27. Rfe1 Qc5 28. Nf1 Qxc4 29. Ne3 Qxa4 30. Qg5 Rf8 31. Qe7 Rf7 32. Qe8+ Kg7 33. Qe5+ Kg8 34. Ra1 Qb4 35. Qxa5 Qxa5 36. Rxa5 Rb3 37. Nc4 Rd7 38. Ra8+ Kg7 39. Ra7 Rb4 40.
Ne5 Rd5 41. Rxb7+ Kf6 42. Nxc6 Rb2 43. Re7 Rxb6 44. Rxh7 Rxc6 45. Rh6 Rd2 46. h4 Kg7 0-1

[Event "*** Titled Tuesday Blitz"]
[Site "Chess.com"]
[Date "2020.05.26"]
[Round "4"]
[White "Lector118"]
[Black "Richarzard69"]
[Result "1/2-1/2"]
[WhiteElo "2404"]
[BlackElo "2236"]
[TimeControl "180+1"]
[EndTime "10:37:56 PDT"]
[Termination "Game drawn by repetition"]

1. d4 Nf6 2. c4 c5 3. d5 e6 4. Nc3 exd5 5. cxd5 d6 6. Nf3 g6 7. Bf4 a6 8. a4 Bg7 9. e3 O-O 10. h3 Nh5 11. Bh2 f5 12. Be2 f4 13. O-O Nd7 14.
Re1 fxe3 15. fxe3 Qe7 16. Bf1 Ne5 17. Nd2 Qh4 18. Qe2 Bf5 19. Nf3 Nxf3+ 20. gxf3 Bxh3 21.
Bxh3 Qxh3 22. f4 Rae8 23. Nd1 Nxf4 24. Bxf4 Rxf4 25. exf4 Bd4+ 26. Nf2 Qg3+ 27. Kf1 Rxe2 28. Rxe2 Qf3 29. Ra3 Qxf4 30. Rh3 Qc1+ 31. Kg2 Qg5+ 32.
Kf1 Qc1+ 33. Re1 Qf4 34. Re8+ Kg7 35. Re7+ Kg8 36. Re2 Qc1+ 1/2-1/2

[Event "*** Titled Tuesday Blitz"]
[Site "Chess.com"]
[Date "2020.05.26"]
[Round "4"]
[White "seastar"]
[Black "MilanJeremic"]
[Result "0-1"]
[WhiteElo "2016"]
[BlackElo "2240"]
[TimeControl "180+1"]
[EndTime "10:37:57 PDT"]
[Termination "MilanJeremic won on time"]

1. d4 d5 2. c4 c6 3. cxd5 cxd5 4. Nc3 Nc6 5. Bf4 e6 6. e3 Bd6 7.
Bxd6 Qxd6 8. f4 Nf6 9. Nf3 Qb4 10. Qd2 O-O 11. Bd3 g6 12. Ne5 Bd7 13. O-O Rac8 14. Rac1 Qe7 15. a3 Na5 16. Qd1 Nc4 17. Nxc4 dxc4 18.
Bb1 Bc6 19. e4 Rfd8 20. e5 Ne8 21. Be4 Qd7 22. Bxc6 Rxc6 23. Qf3 Qxd4+ 24. Kh1 Qd3 25. Ne4 Qxf3 26. Rxf3 Kg7 27. h3 b5 28. Nc3 a6 29.
Ne4 Rc7 30. Rfc3 Rcd7 31. Kh2 Rd4 32. Nc5 Nc7 33. Kg3 h5 34. h4 R8d5 35. b4 Rd2 36.
Rb3 cxb3 0-1

[Event "*** Titled Tuesday Blitz"]
[Site "Chess.com"]
[Date "2020.05.26"]
[Round "4"]
[White "eljanov"]
[Black "WIDBIFS"]
[Result "1-0"]
[WhiteElo "2878"]
[BlackElo "2621"]
[TimeControl "180+1"]
[EndTime "10:37:59 PDT"]
[Termination "eljanov won by resignation"]

1. Nf3 Nf6 2. g3 g6 3. Bg2 Bg7 4. c4 O-O 5. O-O d6 6. d4 Nc6 7. Nc3 Bf5 8. Ng5 h6 9. e4 Bg4 10.
Nf3 e5 11. d5 Nd4 12. Be3 Nd7 13. Nb5 Qf6 14. Nbxd4 exd4 15. Bxd4 Bxf3 16. Bxf6 Bxd1 17.
Bxg7 Kxg7 18. Rfxd1 a5 19. f4 Rfe8 20. Re1 Re7 21.
Re3 Rae8 22. Rae1 f5 23. Kf1 Nf6 24. e5 Ng4 25. Rb3 Nxh2+ 26. Kg1 Ng4 27. Rxb7 dxe5 28. Bf3 exf4 29. Rxe7+ Rxe7 30. Bxg4 fxg4 31. d6 Rf7 32.
dxc7 1-0